 Dungeon Crawl Stone Soup version 0.26-a0-812-g31a745ddcd (webtiles) character file.

Game seed: 9222558059275692716

30 Borgoz the Covered (level 3, -2/26 HPs)
             Began as a Halfling Fighter on Dec 7, 2020.
             Slain by a jackal (3 damage)
             ... on level 1 of the Dungeon.
             The game lasted 00:01:00 (491 turns).

Borgoz the Covered (Halfling Fighter)                Turns: 491, Time: 00:01:01

Health: -2/26      AC:  8    Str: 14 (17) XL:     3   Next: 35%
Magic:  3/3        EV:  8    Int:  5 (6)  God:
Gold:   23         SH:  9    Dex: 13 (14) Spells: 2/2 levels left

rFire    . . .     SeeInvis .   a - +0 rapier
rCold    . . .     Faith    .   c - +0 kite shield
rNeg     . . .     Spirit   .   b - +0 scale mail
rPois    .         Reflect  .   (no helmet)
rElec    .         Harm     .   (no cloak)
rCorr    .         Rampage  .   (no gloves)
MR       .....                  e - +0 pair of boots
Stlth    ..........             (no amulet)
HPRegen  0.08/turn              (no ring)
MPRegen  0.08/turn              (no ring)

@: no status effects
A: small, mutation resistance 1
a: no special abilities


You were on level 1 of the Dungeon.
You visited 1 branch of the dungeon, and saw 1 of its levels.

You collected 23 gold pieces.

Inventory:

Hand Weapons
 a - a +0 rapier (weapon)
Armour
 b - a +0 scale mail (worn)
 c - a +0 kite shield (worn)
 e - a +0 pair of boots (worn)
Scrolls
 f - a scroll of remove curse {unknown}
 h - a scroll of fear {unknown}
Potions
 d - a potion of might


   Skills:
 * Level 3.0 Fighting
 * Level 3.0 Short Blades
 * Level 3.7 Armour
 + Level 3.5 Shields


You had 2 spell levels left.
You didn't know any spells.
Your spell library was empty.

Dungeon Overview and Level Annotations

Branches:
Dungeon (1/15)

Altars:


Innate Abilities, Weirdness & Mutations

You are small and have problems with some larger weapons.
You are somewhat resistant to further mutation.


Message History

The jackal barely misses you.
You barely miss the rat. The rat barely misses you.
The rat bites you but does no damage. The jackal closely misses you.
It was a potion of degeneration.
There was something very wrong with that liquid.
You feel weakened.
You feel dopey.
You feel clumsy. You block the jackal's attack. The rat barely misses you. x2
You hit the rat.
You kill the rat!
You block the jackal's attack. The rat bites you but does no damage.
The jackal bites you but does no damage.
You closely miss the rat. You block the rat's attack.
You block the jackal's attack.
You hit the rat.
You kill the rat!
The jackal closely misses you. The jackal misses you.
The jackal bites you but does no damage.
You see here a rat corpse.
You hit the jackal but do no damage. The jackal bites you.
You die...

... !(....
.. ..... ...
.....#....
...## ..
.....#...#
#.##.......#
#..........#
#........#
#.††.?.?.#
#...h....#
##..@....#
#.....[.#
#.......# §.
##.......#
§§#
#........#
§..#
#........##
....##
#.........#
......##
#.........##
........
###.#.#.#..
........


You could see a jackal.

Vanquished Creatures
  2 dart slugs (D:1)
  3 leopard geckos (D:1)
  3 hobgoblins (D:1)
  6 jackals (D:1)
  3 kobolds (D:1)
  3 rats (D:1)
20 creatures vanquished.

Notes
Turn   | Place    | Note
-------+----------+-------------------------------------------
     0 | D:1      | Borgoz the Halfling Fighter began the quest for the Orb.
     0 | D:1      | Reached XP level 1. HP: 15/15 MP: 1/1
   124 | D:1      | Reached XP level 2. HP: 17/20 MP: 2/2
   328 | D:1      | Reached XP level 3. HP: 20/25 MP: 3/3
   484 | D:1      | HP: 1/26 [rat (1)]
   491 | D:1      | Slain by a jackal

Illustrated notes

Levels and vault maps discovered:
D:1:      heliophobic_arrival_dark_side_of_the_moon, layout_rooms

Skill      XL: |  1  2  3 |
---------------+----------+-----
Short Blades   | 3 |  3.0
Fighting       | 3 |  3.0
Armour         | |  3.7
Shields        | |  3.5

Action                   || total
-------------------------++-------
Melee: Rapier            ||    82
  Use: Scroll            ||     1
       Potion            ||     1
Armor: Scale mail        ||    69
Dodge: Dodged            ||    60
Block: Kite shield       ||    79

Table legend: (Time is in decaauts)
 A = Elapsed time spent in this place.
 B = Non-inter-level travel time spent in this place.
 C = Inter-level travel time spent in this place.
 D = Time resting spent in this place.
 E = Time spent auto-exploring this place.
 F = Levels seen in this place.
 G = Mean time per level.
                   A        B        C        D        E       F      G
               +--------+--------+--------+--------+--------+-----+--------+
         Total |    503 |    503 |      0 |    128 |    224 |   1 |  503.0 |
       Dungeon |    503 |    503 |      0 |    128 |    224 |   1 |  503.0 |
               +--------+--------+--------+--------+--------+-----+--------+

Top non-repeatable levels by time:
     D:1: 503 daAuts
